 Dungeon Crawl Stone Soup version 0.21-a0-273-g0785366 (webtiles) character file.

1356 Tutor the Sneak (level 8, 0/50 HPs)
             Began as an Octopode Ice Elementalist on Sept 17, 2017.
             Was an Initiate of Gozag.
             Slain by a worker ant (7 damage)
             ... on level 6 of the Dungeon.
             The game lasted 00:17:55 (7051 turns).

Tutor the Sneak (Octopode Ice Elementalist)         Turns: 7051, Time: 00:17:56

Health: 0/50       AC:  9    Str:  7    XL:     8   Next: 64%
Magic:  1/13       EV: 13    Int: 20    God:    Gozag
Gold:   507        SH:  0    Dex: 12    Spells: 4/14 levels left

rFire    + . .     SeeInvis +   t - +1 short sword (drain)
rCold    . . .     Gourm    .   (no shield)
rNeg     . . .     Faith    .   (helmet restricted)
rPois    .         Spirit   .   (no amulet)
rElec    .         Reflect  .   k - +2 ring of protection
rCorr    .         Harm     .   j - ring of see invisible
MR       .....                  n - ring of protection from fire
Stlth    +++++.....             (no ring)
HPRegen  0.16/turn              (no ring)
MPRegen  0.13/turn              (no ring)
                                (no ring)
                                (no ring)

@: icy armour, gold aura, slow
A: almost no armour, stealthy swim, amphibious, 8 rings, constrict 8, camouflage
1, gelatinous body 1
a: Potion Petition, Call Merchant, Bribe Branch, Renounce Religion


You were on level 6 of the Dungeon.
You worshipped Gozag.
Gozag was pleased with you.
You were near starving.

You visited 2 branches of the dungeon, and saw 7 of its levels.

You collected 568 gold pieces.
You paid 61 gold pieces to Gozag.

Inventory:

Hand Weapons
 e - a +0 short sword
 o - a +0 hunting sling
 t - a +1 short sword of draining (weapon)
 A - the +5 mace "Transmigrator" {drain, MR+}
   (You found it on level 5 of the Dungeon)

   A truly terrible weapon, it drains the life of those it strikes.
   It affects your resistance to hostile enchantments.
Missiles
 i - 122 stones (quivered)
 p - 54 sling bullets
Jewellery
 j - a ring of see invisible (right tentacle)
 k - a +2 ring of protection (left tentacle)
 n - a ring of protection from fire (on tentacle)
Wands
 c - a wand of flame (20/48)
 r - a wand of acid (5/15)
 x - a wand of lightning (11/15)
 B - a wand of polymorph (6/24)
Scrolls
 d - 2 scrolls of teleportation
 g - 3 scrolls of remove curse
 m - a scroll of magic mapping {unknown}
 s - 2 scrolls of recharging {unknown}
 u - a scroll of amnesia {unknown}
 v - a scroll of enchant weapon {unknown}
 w - a scroll of enchant armour {unknown}
 y - 2 scrolls of identify
 z - a scroll of immolation {unknown}
Potions
 l - a potion of cancellation {unknown}
 q - a potion of lignification {unknown}
Books
 a - a book of Frost

   Spells                             Type                      Level
   a - Freeze                         Ice                          1
   b - Throw Frost                    Conjuration/Ice              2
   c - Ozocubu's Armour               Charms/Ice                   3
   d - Throw Icicle                   Conjuration/Ice              4
   e - Summon Ice Beast               Ice/Summoning                4
Comestibles
 b - 4 bread rations
 f - 3 royal jellies
 h - 3 meat rations


   Skills:
 + Level 1.8 Fighting
 + Level 1.4 Short Blades
 - Level 2.0 Dodging
 + Level 7.6 Stealth
 + Level 3.9 Spellcasting
 - Level 1.0 Conjurations
 - Level 3.3 Summonings
 - Level 7.3 Ice Magic


You had 4 spell levels left.
You knew the following spells:

 Your Spells              Type           Power        Failure   Level  Hunger
a - Freeze                Ice            ####         1%          1    None
b - Ozocubu's Armour      Chrm/Ice       ###.....     9%          3    ###....
c - Summon Ice Beast      Ice/Summ       ####....     14%         4    ####...
d - Throw Frost           Conj/Ice       ###...       3%          2    ##.....


Dungeon Overview and Level Annotations

Branches:
Dungeon (6/15)             Temple (1/1) D:4

Altars:
Ashenzari
Cheibriados
Dithmenos
Elyvilon
Gozag
Hepliaklqana
Kikubaaqudgha
Nemelex Xobeh
Okawaru
Ru
Sif Muna
Trog
Uskayaw
Wu Jian
Yredelemnul
Zin
The Shining One

Shops:
D:5 **[


Innate Abilities, Weirdness & Mutations

You cannot wear most types of armour.
You are very stealthy in the water. (Stealth+)
You are amphibious.
You can wear up to eight rings at the same time.
You can use your tentacles to constrict eight enemies at once.
Your skin changes colour to match your surroundings (Stealth+).
Your rubbery body absorbs attacks. (AC +1, EV +1)


Message History

Aiming: Freeze
Press: ? - help, Shift-Dir - straight line, f/p - orc wizard
Aim: an orc wizard, wielding a dagger and wearing a robe (severely wounded, constricted by you)
You freeze the orc wizard.
You kill the orc wizard!
The worker ant barely misses you. The worker ant completely misses you.
Things that are here:
7 gold pieces; a dagger; a robe
Okay, then.
Casting: Freeze
Confirm with . or Enter, or press ? or * to list all spells.
Aiming: Freeze
Press: ? - help, Shift-Dir - straight line, f - worker ant
Aim: a worker ant You freeze the worker ant.
The worker ant is moderately wounded.
The worker ant bites you!
You die...
Your body crumbles into a pile of gold.

####### .#..# $
#.....# ..... #.....##
.... #...... ####''###
#.....#.##.......
#...$.#.......#.#
#######)#####..#...#.
#........<.##a.......#
#.##.#....).@.########
.....###.##.# ..#.....
#.##.# #. #Z....
..##.# .
.......##.##.#
..............#
......####.#### ..#


You could see a worker ant.

Vanquished Creatures
  Sigmund (D:2)
  The ghost of p0werm0de the Magician, an amateur DrWz (D:3)
  3 centaurs (D:5)
  2 howler monkeys
  2 crimson imps (D:5)
  2 jellies (D:5)
  A hound (D:5)
  3 orc wizards
  An orc priest (D:6)
  A bullfrog skeleton (D:5)
  An iguana (D:6)
  Terence (D:2)
  4 worker ants
  8 adders
  A shadow imp (D:5)
  3 oozes
  A worm (D:3)
  A dart slug (D:2)
  A leopard gecko (D:2)
  6 orcs
  6 giant cockroaches
  7 goblins
  8 hobgoblins
  9 jackals
  3 quokkas
  12 bats
  3 frilled lizards
  9 kobolds
  A quokka zombie (D:5)
  8 rats
110 creatures vanquished.

Vanquished Creatures (collateral kills)
  A phantom (D:4)
  An ogre (D:5)
  2 orc priests (D:6)
  An orc wizard (D:6)
  A worker ant (D:5)
  A worm (D:6)
  2 orcs (D:6)
9 creatures vanquished.

Grand Total: 119 creatures vanquished

Notes
Turn   | Place    | Note
-------+----------+-------------------------------------------
     0 | D:1      | Tutor the Octopode Ice Elementalist began the quest for the Orb.
     0 | D:1      | Reached XP level 1. HP: 11/11 MP: 3/3
   584 | D:1      | Reached XP level 2. HP: 11/17 MP: 3/5
  1300 | D:1      | Reached XP level 3. HP: 21/21 MP: 1/6
  2069 | D:2      | Learned a level 3 spell: Ozocubu's Armour
  2264 | D:2      | Reached XP level 4. HP: 27/27 MP: 7/7
  2435 | D:2      | Found a faded altar of an unknown god.
  2621 | D:2      | Noticed Sigmund
  2634 | D:2      | Killed Sigmund
  2634 | D:2      | Reached skill level 5 in Ice Magic
  2634 | D:2      | Reached XP level 5. HP: 5/31 MP: 3/9
  2634 | D:2      | Reached XP level 6. HP: 6/36 MP: 3/10
  2819 | D:2      | Learned a level 4 spell: Summon Ice Beast
  2845 | D:2      | Learned a level 2 spell: Throw Frost
  2872 | D:2      | Noticed Terence
  2885 | D:2      | Killed Terence
  2885 | D:2      | Reached skill level 5 in Stealth
  3909 | D:3      | Noticed p0werm0de's ghost (amateur DrWz)
  4424 | D:3      | Killed p0werm0de's ghost
  4424 | D:3      | Reached XP level 7. HP: 16/41 MP: 2/12
  4829 | D:4      | Reached skill level 1 in Summonings
  4848 | D:4      | Found a staircase to the Ecumenical Temple.
  4950 | Temple   | Entered the Ecumenical Temple
  5337 | Temple   | Became a worshipper of Gozag Ym Sagoz the Greedy
  5672 | D:5      | Entered Level 5 of the Dungeon
  5673 | D:5      | Found Ileath's Assorted Antiques.
  5840 | D:5      | Found Ticih's Assorted Antiques.
  5965 | D:5      | Reached XP level 8. HP: 32/46 MP: 8/13
  6574 | D:5      | Found Ritta's Antique Armour Boutique.
  6631 | D:5      | Got a scorched mace
  6632 | D:5      | Identified the +5 mace "Transmigrator" {drain, MR+} (You found it on level 5 of the Dungeon)
  6808 | D:5      | Reached skill level 1 in Short Blades
  6933 | D:5      | Found Tytavu's General Store.
  6979 | D:6      | Reached skill level 1 in Fighting
  7051 | D:6      | Slain by a worker ant

Vault maps used:
D:1:      enne_arrival_octagon_isle, hangedman_decor_clover_reticule,
          minmay_misc_feat_ornament
D:2:      chequers_ecumenical_altar_simple, uniq_terence, uniq_sigmund
D:3:      first_bread, minmay_bisected
D:4:      minmay_temple_entry_overgrown
D:5:      serial_shops, nicolae_shop_trees, shop,
          nicolae_shop_temple_entry_statues_fountains, shop, minmay_checkerbox
D:6:      gammafunk_temple_overflow_claw, gup_sewer_entry_bubbles,
          kennysheep_generic_room_4
Temple:   compressed_dpeg_circular_temple

Skill      XL: |  1  2  3  4  5  6  7  8 |
---------------+-------------------------+-----
Stealth        | 3 4 5 6 7 |  7.6
Ice Magic      | 4 5 6 7 |  7.3
Spellcasting   | 3 |  3.9
Summonings     | 2 3 |  3.3
Short Blades   | 1 |  1.4
Fighting       | 1 |  1.8
Dodging        | |  2.0
Conjurations   | |  1.0

Action                   |  1- 3 |  4- 6 |  7- 9 || total
-------------------------+-------+-------+-------++-------
Melee: Unarmed           |     2 |       |       ||     2
       Constrict         |     8 |    28 |    18 ||    54
       Short sword       |    18 |   121 |    92 ||   231
       Tentacles         |     6 |    16 |     9 ||    31
 Cast: Freeze            |    36 |    27 |    25 ||    88
       Ozocubu's Armour  |     2 |    14 |     9 ||    25
       Throw Frost       |       |     2 |       ||     2
       Summon Ice Beast  |       |     1 |     5 ||     6
Evoke: Wand              |       |     1 |     1 ||     2
  Use: Scroll            |     1 |     4 |     2 ||     7
       Potion            |       |     2 |     1 ||     3
 Stab: Sleeping          |     3 |     9 |     4 ||    16
       Distracted        |       |       |     2 ||     2
  Eat: Chunk             |     5 |     8 |       ||    13
       Bread ration      |       |       |     2 ||     2
Armor: Skin              |     9 |    43 |    22 ||    74
Dodge: Dodged            |    37 |   109 |    45 ||   191

Table legend:
 A = Spawn XP
 B = Non-spawn XP
 C = Spawn XP percentage of total XP
 D = Spawn monster count
 E = Non-spawn monster count
 F = Spawn count percentage of total count
 G = Total turns spent on level
                    A         B        C        D         E        F      G
               +---------+---------+-------+---------+---------+-------+---------
         Total |       0 |    1938 |   0.0 |       0 |     119 |   0.0 |  7051
               +---------+---------+-------+---------+---------+-------+---------
           D:1 |       0 |      49 |   0.0 |       0 |      24 |   0.0 |  2056
           D:2 |       0 |     359 |   0.0 |       0 |      25 |   0.0 |  1266
           D:3 |       0 |     248 |   0.0 |       0 |      31 |   0.0 |  1340
           D:4 |       0 |     168 |   0.0 |       0 |       6 |   0.0 |   613
           D:5 |       0 |     885 |   0.0 |       0 |      22 |   0.0 |  1299
           D:6 |       0 |     229 |   0.0 |       0 |      11 |   0.0 |    80
               +---------+---------+-------+---------+---------+-------+---------
